 Dungeon Crawl Stone Soup version 0.22-a0-185-ge330310 (webtiles) character file.

111 Gorglomux the Vexing (level 5, -2/38 HPs)
             Began as a Human Arcane Marksman on Feb 15, 2018.
             Slain by Natasha (9 damage)
             ... on level 2 of the Dungeon.
             The game lasted 00:03:31 (1878 turns).

Gorglomux the Vexing (Human Arcane Marksman)        Turns: 1878, Time: 00:03:32

Health: -2/38      AC:  3    Str: 17    XL:     5   Next: 15%
Magic:  4/6        EV: 13    Int: 13    God:
Gold:   109        SH:  0    Dex: 13    Spells: 5/6 levels left

rFire    . . .     SeeInvis .   X - +0 short sword
rCold    . . .     Gourm    .   (no shield)
rNeg     . . .     Faith    .   Q - +0 leather armour
rPois    .         Spirit   .   (no helmet)
rElec    .         Reflect  .   (no cloak)
rCorr    .         Harm     .   (no gloves)
MR       .....                  (no boots)
Stlth    +.........             (no amulet)
HPRegen  0.12/turn              (no ring)
MPRegen  0.10/turn              (no ring)

@: mighty
A: no striking features
a: no special abilities


You were on level 2 of the Dungeon.
You were not hungry.

You visited 1 branch of the dungeon, and saw 2 of its levels.

You collected 109 gold pieces.

Inventory:

Hand Weapons
 X - a +0 short sword (weapon)
Missiles
 R - 72 stones (quivered)
 Z - 2 throwing nets
Armour
 Q - a +0 leather armour (worn)
Scrolls
 P - a scroll of magic mapping {unknown}
 S - a scroll of amnesia {unknown}
 U - 3 scrolls of random uselessness {unknown}
 V - 2 scrolls of teleportation {unknown}
 W - a scroll of remove curse {unknown}
 Y - a scroll of enchant armour {unknown}
Books
 b - a book of Debilitation

   Spells                             Type                      Level
   a - Corona                         Hexes                        1
   b - Slow                           Hexes                        2
   c - Inner Flame                    Hexes/Fire                   3
   d - Portal Projectile              Hexes/Translocation          3
   e - Cause Fear                     Hexes                        4
   f - Leda's Liquefaction            Hexes/Earth                  4
Comestibles
 f - 4 rations
 T - 6 chunks of flesh


   Skills:
 + Level 2.2 Fighting
 + Level 3.0 Throwing
 + Level 1.9 Armour
 + Level 3.0 Dodging
 - Level 1.0 Spellcasting
 - Level 3.0 Hexes


You had 5 spell levels left.
You knew the following spells:

 Your Spells              Type           Power        Failure   Level  Hunger
a - Corona                Hex            #......      10%         1    ##.....


Dungeon Overview and Level Annotations

Branches:
Dungeon (2/15)

Altars:
Hepliaklqana

Annotations:
D:2 Natasha


Message History

The worm is heavily wounded!
The worm bites you!!! * * * don't die
* * * Natasha, Servant of Life and Death comes into view!
Unknown command!
Natasha hisses angrily!
The worm stops glowing!
You feel very mighty all of a sudden!
Casting: Corona (safe; 10% risk of failure)
Confirm with ! or Enter, or press ? or * to list all spells!
Aiming: Corona (safe; 10% risk of failure)
Press: ? - help, Shift-Dir - straight line, f/p - butt
Aim: a worm (moderately wounded, chance to defeat MR: 51%) Natasha resists with significant effort!
You closely miss Natasha! Natasha closely misses you!
Natasha claws butt! * * * don't die
* * * You perforate Natasha like a sieve!!!
Natasha is heavily butt!
Natasha claws you!!! rip

##### #)# #..# . ...# #.#
#... ... ##.###.# ...###
#......# #.....##..#####
..........##
#..#.#.....#########
....###............#
###..#.....###..@hw# #
#........#
#.###.#############(
###....#.#.#
#.#......((...(...)(
.......#.#.#
#.#.#.#####..#######
##.#####.#.#
#............# #.#
#.#.#####รท##.......# #.#
#.......h..........##.####
##..
........#.##..............
##.#
###.###............#######


You could see a worm and Natasha.

Vanquished Creatures
  Natasha (twice) (D:2)
  A gnoll (D:1)
  An adder (D:2)
  An ooze (D:1)
  A dart slug (D:1)
  2 leopard geckos (D:1)
  6 bats
  5 hobgoblins
  3 kobolds (D:1)
  A ball python (D:1)
  2 frilled lizards (D:1)
  5 goblins
  4 rats
34 creatures vanquished.

Notes
Turn   | Place    | Note
-------+----------+-------------------------------------------
     0 | D:1      | Gorglomux the Human Arcane Marksman began the quest for the Orb.
     0 | D:1      | Reached XP level 1. HP: 15/15 MP: 2/2
   185 | D:1      | Reached XP level 2. HP: 10/21 MP: 1/3
   777 | D:1      | Reached skill level 1 in Armour
   777 | D:1      | Reached XP level 3. HP: 19/26 MP: 4/4
  1194 | D:2      | Found a hazy altar of Hepliaklqana.
  1424 | D:2      | Noticed Natasha
  1447 | D:2      | Killed Natasha
  1447 | D:2      | Reached XP level 4. HP: 11/33 MP: 2/5
  1457 | D:2      | Noticed Natasha
  1705 | D:2      | Killed Natasha
  1728 | D:2      | Reached XP level 5. HP: 17/38 MP: 4/6
  1771 | D:2      | Reached skill level 3 in Dodging
  1777 | D:2      | Reached skill level 3 in Throwing
  1871 | D:2      | Noticed Natasha
  1878 | D:2      | Slain by Natasha

Vault maps used:
D:1:      dpeg_arrival_fog, serial_forest, infiniplex_forest_lined_2,
          infiniplex_forest_lined_ring, infiniplex_forest_lined_2,
          infiniplex_forest_straight_2, infiniplex_forest_corner_2,
          infiniplex_forest_clump_medium, st_stairs_10, dk_noncrumbling_3
D:2:      old_standard_altar, uniq_natasha

Skill      XL: |  1  2  3  4  5 |
---------------+----------------+-----
Armour         | 1 |  1.9
Fighting       | 2 |  2.2
Dodging        | 3 |  3.0
Throwing       | 3 |  3.0
Spellcasting   | |  1.0
Hexes          | |  3.0

Action                   |  1- 3 |  4- 6 || total
-------------------------+-------+-------++-------
Melee: Unarmed           |    17 |       ||    17
       Short sword       |    60 |    22 ||    82
Throw: Javelin           |    11 |     6 ||    17
       Stone             |    31 |    24 ||    55
 Cast: Corona            |    22 |     9 ||    31
  Use: Potion            |     1 |     1 ||     2
  Eat: Chunk             |     2 |     2 ||     4
Armor: Robe              |    30 |       ||    30
       Leather armour    |     2 |     1 ||     3
Dodge: Dodged            |    82 |    19 ||   101

Table legend:
 A = Spawn XP
 B = Non-spawn XP
 C = Spawn XP percentage of total XP
 D = Spawn monster count
 E = Non-spawn monster count
 F = Spawn count percentage of total count
 G = Total turns spent on level
                    A         B        C        D         E        F      G
               +---------+---------+-------+---------+---------+-------+---------
         Total |       0 |     159 |   0.0 |       0 |      34 |   0.0 |  1878
               +---------+---------+-------+---------+---------+-------+---------
           D:1 |       0 |      53 |   0.0 |       0 |      19 |   0.0 |  1282
           D:2 |       0 |     106 |   0.0 |       0 |      15 |   0.0 |   596
               +---------+---------+-------+---------+---------+-------+---------
